 Dungeon Crawl Stone Soup version 0.26.1-11-gd32895ea62 (webtiles) character file.

Game seed: 3178449209671911125

2938 boopmooplesden the Carver (level 9, -10/79 HPs)
             Began as a Minotaur Fighter on July 20, 2021.
             Was a Believer of Okawaru.
             Mangled by a two-headed ogre
             ... wielding a +0 giant spiked club
              (19 damage)
             ... on level 9 of the Dungeon.
             The game lasted 00:14:43 (7456 turns).

boopmooplesden the Carver (Minotaur Fighter)        Turns: 7456, Time: 00:14:43

Health: -10/79     AC: 14    Str: 23      XL:     9   Next: 51%
Magic:  0/8        EV:  8    Int:  5      God:    Okawaru [**....]
Gold:   176        SH: 12    Dex:  8 (11) Spells: 8/8 levels left

rFire    + . .     SeeInvis .   D - +0 long sword (holy)
rCold    . . .     Faith    .   c - +1 kite shield
rNeg     . . .     Spirit   +   C - +0 chain mail of Rutoub {+Inv rF+} (curse)
rPois    .         Reflect  .   r - +2 hat
rElec    .         Harm     .   z - +0 cloak
rCorr    +         Rampage  .   (no gloves)
Will     .....                  (no boots)
Stlth    ..........             f - amulet of guardian spirit
HPRegen  0.23/turn              j - ring of resist corrosion
MPRegen  0.11/turn              (no ring)

@: lethally poisoned (-10 -> -10)
A: retaliatory headbutt, horns 2
a: Renounce Religion, Evoke Invisibility, Heroism


You were on level 9 of the Dungeon.
You worshipped Okawaru.
Okawaru was pleased with you.
You visited 2 branches of the dungeon, and saw 9 of its levels.
You also visited: Sewer.

You collected 337 gold pieces.
You spent 161 gold pieces at shops.

Inventory:

Hand Weapons
 m - a +4 long sword
 x - the cursed +2 mace "Ynumy" {holy, Stlth+}
   (You found it on level 4 of the Dungeon)

   It has been blessed by the Shining One to cause great damage to the undead
   and demons.
   It makes you more stealthy.
   It has a curse placed upon it.
 y - a +4 quarterstaff of chaos
 D - a +0 long sword of holy wrath (weapon)
 F - a +1 whip of electrocution
Missiles
 u - 46 poisoned darts (quivered)
Armour
 b - a +0 scale mail
 c - a +1 kite shield (worn)
 k - a +0 plate armour
 r - a +2 hat (worn)
 z - a +0 cloak (worn)
 C - the cursed +0 chain mail of Rutoub (worn) {+Inv rF+}
   (You bought it in a shop on level 5 of the Dungeon)

   It protects you from fire.
   It lets you turn invisible.
   It has a curse placed upon it.
Jewellery
 a - an uncursed ring of ice {unknown}
 f - an amulet of guardian spirit (around neck)
 j - a ring of resist corrosion (left hand)
 q - an uncursed amulet of faith {unknown}
 s - a cursed amulet of inaccuracy {unknown}
 A - an uncursed ring of ice {unknown}
 H - an uncursed ring of fire {unknown}
 M - an uncursed amulet of the acrobat {unknown}
Wands
 E - a wand of paralysis (9)
 N - a wand of flame (24)
Scrolls
 g - 2 scrolls of noise {unknown}
 i - 5 scrolls of teleportation
 n - a scroll of identify
 p - 2 scrolls of fear {unknown}
 t - 2 scrolls of fog {unknown}
 v - 2 scrolls of enchant weapon {unknown}
 w - 4 scrolls of enchant armour
 B - 2 scrolls of amnesia {unknown}
 I - a scroll of holy word {unknown}
 L - a scroll of remove curse {unknown}
 O - a scroll of immolation {unknown}
Potions
 d - a potion of might
 e - 2 potions of berserk rage
 h - 2 potions of curing
 l - a potion of haste {unknown}
 o - 4 potions of flight
 G - 2 potions of attraction {unknown}
 J - a potion of ambrosia {unknown}
 K - a potion of lignification {unknown}


   Skills:
 + Level 7.2 Fighting
 + Level 10.2 Long Blades
 + Level 7.9 Armour
 + Level 3.0 Dodging
 + Level 0.9 Stealth
 + Level 7.8 Shields
 + Level 0.1 Invocations


You had 8 spell levels left.
You didn't know any spells.
Your spell library contained the following spells:

 Spells                   Type           Power        Failure   Level
 Animate Skeleton         Necr           0%           100%        1
 Apportation              Tloc           0%           100%        1
 Corona                   Hex            0%           100%        1
 Freeze                   Ice            0%           100%        1
 Magic Dart               Conj           0%           100%        1
 Summon Small Mammal      Summ           0%           100%        1
 Searing Ray              Conj           0%           100%        2
 Confusing Touch          Hex            0%           100%        3
 Dazzling Flash           Conj/Hex       0%           100%        3
 Frozen Ramparts          Ice            0%           100%        3
 Gell's Gravitas          Tloc           0%           100%        3
 Ozocubu's Armour         Ice            0%           100%        3
 Fulminant Prism          Conj/Hex       0%           100%        4
 Hailstorm                Conj/Ice       0%           100%        4
 Iskenderun's Mystic Bla  Conj/Tloc      0%           100%        4
 Petrify                  Tmut/Erth      0%           100%        4
 Summon Ice Beast         Ice/Summ       0%           100%        4
 Metabolic Englaciation   Hex/Ice        0%           100%        5
 Yara's Violent Unravell  Hex/Tmut       0%           100%        5


Dungeon Overview and Level Annotations

Branches:
Dungeon (7/15)             Temple (1/1) D:4           Sewer (visited)

Altars:
Cheibriados
Dithmenos
Elyvilon
Hepliaklqana
Makhleb
Nemelex Xobeh
Okawaru
Ru
Trog
Yredelemnul

Shops:
D:5 [


Innate Abilities, Weirdness & Mutations

You reflexively headbutt those who attack you in melee.
You have a pair of horns on your head.


Message History

The two-headed ogre is heavily wounded.
You hit the two-headed ogre.
You headbutt the two-headed ogre, but do no damage.
The two-headed ogre is heavily wounded.
The two-headed ogre hits you with a +0 giant spiked club!
* * * LOW HITPOINT WARNING * * *
The two-headed ogre hits you with a +0 giant spiked club!
* * * LOW HITPOINT WARNING * * *
You slash the two-headed ogre!
The two-headed ogre is severely wounded.
The two-headed ogre hits you but does no damage.
The two-headed ogre barely misses you.
You slash the two-headed ogre!
The two-headed ogre is almost dead.
You feel sick.
You hit the two-headed ogre but do no damage.
The two-headed ogre is almost dead.
The worker ant waves its antennae.
The two-headed ogre hits you with a +0 giant spiked club!!
You die...

..............#
..............#......+
.....##.......##.....
.....##.......##....#
.....##.......##....##
.....>.........#.....#
...............#.....#
.............yc#.....#
###'###..##..BBO@...#
..Y.###+#############
.....# .....# .....#
.....# .....# ######


You could see a two-headed ogre, a centaur, 2 worker ants and a killer bee.

Vanquished Creatures
  Pikel (D:5)
  Edmund (D:5)
  2 orc warriors
  A hornet zombie (D:9)
  A black bear (D:9)
  An ice beast (D:5)
  2 sky beasts
  A phantom (D:5)
  A necrophage (D:7)
  2 ogres
  A lemure (D:5)
  A bullfrog (D:6)
  A scorpion (D:6)
  2 killer bees (D:9)
  A quasit (D:9)
  A bullfrog zombie (D:7)
  6 crimson imps (D:7)
  2 jellies (D:5)
  Crazy Yiuf (D:4)
  2 hounds (D:5)
  3 orc priests
  A bullfrog skeleton (D:4)
  2 orc wizards
  Ijyb (D:5)
  3 iguanas
  A merfolk siren (Sewer)
  4 worker ants (D:4)
  A merfolk avatar (Sewer)
  12 adders
  2 river rats
  2 shadow imps
  4 white imps
  An ufetubus (D:5)
  An ooze (D:1)
  An adder skeleton (D:6)
  4 worms
  3 dart slugs (D:1)
  11 leopard geckos
  20 orcs
  8 ball pythons
  7 giant cockroaches
  5 hobgoblins
  23 jackals
  4 quokkas
  7 bats
  10 frilled lizards
  A giant cockroach zombie (D:5)
  5 goblins
  9 kobolds
  31 rats
218 creatures vanquished.

Vanquished Creatures (others)
  6 fungi (D:9)
  3 plants (D:9)
9 creatures vanquished.

Grand Total: 227 creatures vanquished

Notes
Turn   | Place    | Note
-------+----------+-------------------------------------------
     0 | D:1      | boopmooplesden the Minotaur Fighter began the quest for the
                  | Orb.
     0 | D:1      | Reached XP level 1. HP: 19/19 MP: 0/0
   112 | D:1      | Reached XP level 2. HP: 27/27 MP: 1/1
   494 | D:1      | Reached XP level 3. HP: 33/33 MP: 2/2
   704 | D:1      | Reached skill level 3 in Long Blades
  1084 | D:2      | Found a shadowy altar of Dithmenos.
  1099 | D:2      | Reached XP level 4. HP: 36/40 MP: 3/3
  1350 | D:2      | Reached skill level 1 in Dodging
  1712 | D:3      | Reached skill level 4 in Long Blades
  1803 | D:3      | Noticed an ogre
  1809 | D:3      | Killed an ogre
  1810 | D:3      | Reached XP level 5. HP: 41/46 MP: 4/4
  1861 | D:3      | Reached skill level 5 in Armour
  1874 | D:3      | Found a glowing drain.
  1883 | Sewer    | Entered a sewer
  2080 | Sewer    | Reached XP level 6. HP: 48/53 MP: 5/5
  2101 | Sewer    | Reached skill level 5 in Shields
  2192 | Sewer    | Reached skill level 5 in Long Blades
  2962 | D:4      | Got a faintly glowing mace
  2965 | D:4      | Found a runed translucent door.
  2966 | D:4      | Noticed Crazy Yiuf
  2970 | D:4      | Paralysed by Crazy Yiuf for 2 turns
  2983 | D:4      | Killed Crazy Yiuf
  3245 | D:4      | Found a staircase to the Ecumenical Temple.
  3302 | Temple   | Entered the Ecumenical Temple
  3379 | Temple   | Became a worshipper of Warmaster Okawaru
  3545 | D:4      | Reached skill level 6 in Long Blades
  3545 | D:4      | Reached XP level 7. HP: 45/60 MP: 4/6
  3981 | D:5      | Entered Level 5 of the Dungeon
  3981 | D:5      | Found Taosapsi's Antique Armour Boutique.
  3987 | D:5      | Reached skill level 5 in Fighting
  3991 | D:5      | Bought an ancient chain mail for 161 gold pieces
  4001 | D:5      | Identified the cursed +0 chain mail of Rutoub {+Inv rF+}
                  | (You bought it in a shop on level 5 of the Dungeon)
  4012 | D:5      | Noticed Edmund
  4045 | D:5      | Killed Edmund
  4135 | D:5      | Reached skill level 7 in Long Blades
  4311 | D:5      | Identified the cursed +2 mace "Ynumy" {holy, Stlth+} (You
                  | found it on level 4 of the Dungeon)
  4754 | D:5      | Found a shadowy altar of Dithmenos.
  4766 | D:5      | Reached * piety under Okawaru
  4959 | D:5      | Reached XP level 8. HP: 68/69 MP: 7/7
  5003 | D:5      | Noticed Pikel
  5015 | D:5      | Killed Pikel
  5016 | D:5      | Reached skill level 8 in Long Blades
  5149 | D:5      | Noticed Ijyb
  5159 | D:5      | Killed Ijyb
  5694 | D:6      | Reached skill level 9 in Long Blades
  5838 | D:6      | Reached ** piety under Okawaru
  6470 | D:7      | Reached XP level 9. HP: 77/77 MP: 8/8
  7286 | D:7      | You fall into a shaft and drop 2 floors!
  7318 | D:9      | Reached skill level 10 in Long Blades
  7373 | D:9      | Noticed a two-headed ogre
  7456 | D:9      | Mangled by a two-headed ogre

Illustrated notes

Levels and vault maps discovered:
D:1:      dpeg_arrival_shrine, layout_basic, minmay_misc_feat_rugged
D:2:      minmay_skewed_foursquare, layout_loops_cross,
          nicolae_dithmenos_shadow_blocks
D:3:      layout_basic, portal_sewer_entry_e, small_statue_intersection
D:4:      layout_rooms, minmay_temple_entry_offerings, uniq_crazy_yiuf_cottage
D:5:      layout_loops_corners, old_standard_altar, serial_shops, shop,
          uniq_pikel, uniq_ijyb, uniq_edmund
D:6:      layout_basic
D:7:      layout_loops_cross, minmay_nine_imps
D:9:      layout_gridville, lemuel_coloured_pillars_altar,
          nzn_wu_jian_council_hall, dpeg_oklobed_lair, david_defended_altar_elf
Temple:   dpeg_five_rooms_temple

Skill      XL: |  1  2  3  4  5  6  7  8  9 |
---------------+----------------------------+-----
Fighting       | 4 5 6 7 |  7.2
Armour         | 4 5 6 7 |  7.9
Shields        | 4 5 7 |  7.8
Long Blades    | 3 4 6 7 9 10 | 10.2
Dodging        | 1 2 3 |  3.0
Stealth        | |  0.9
Invocations    | |  0.1

Action                   |  1- 3 |  4- 6 |  7- 9 || total
-------------------------+-------+-------+-------++-------
Melee: Long sword        |   113 |   226 |   328 ||   667
       Headbutt          |    14 |    24 |    63 ||   101
Invok: Heroism           |       |       |     3 ||     3
  Use: Scroll            |       |       |     3 ||     3
       Potion            |       |       |     2 ||     2
 Stab: Invisible         |       |     1 |       ||     1
Armor: Scale mail        |    60 |   108 |     3 ||   171
       Skin              |       |     1 |       ||     1
       Chain mail        |       |       |   131 ||   131
Dodge: Dodged            |    37 |    73 |    86 ||   196
Block: Kite shield       |    61 |   137 |   197 ||   395
       Rpst.: Long sword |    11 |    24 |    21 ||    56
